 Dungeon Crawl Stone Soup version 0.21.1-1-g345015fe64 (webtiles) character file.

6318 KleinerIrrer the Cleaver (level 11, -2/84 HPs)
             Began as a Formicid Fighter on Mar 16, 2018.
             Was a Believer of the Shining One.
             Slain by Snorg (13 damage)
             ... on level 10 of the Dungeon.
             The game lasted 00:25:32 (8448 turns).

KleinerIrrer the Cleaver (Formicid Fighter)         Turns: 8448, Time: 00:25:33

Health: -2/84      AC: 18    Str: 31    XL:     11   Next: 16%
Magic:  11/13      EV:  7    Int:  8    God:    the Shining One [**....]
Gold:   489        SH: 26    Dex: 10    Spells: 10/10 levels left

rFire    . . .     SeeInvis +   a - +1 war axe
rCold    . . .     Gourm    .   G - +0 large shield
rNeg     + . .     Faith    .   r - +0 plate armour
rPois    +         Spirit   .   (helmet unavailable)
rElec    .         Reflect  .   (no cloak)
rCorr    .         Harm     .   q - +1 pair of gloves
MR       +....                  e - +1 pair of boots
Stlth    ..........             (no amulet)
HPRegen  0.24/turn              z - ring of poison resistance
MPRegen  0.13/turn              A - +2 ring of strength

@: mighty, divine shield, glowing
A: permanent stasis, dig shafts and tunnels, four strong arms, antennae 3
a: Dig, Shaft Self, Divine Shield, Renounce Religion


You were on level 10 of the Dungeon.
You worshipped the Shining One.
The Shining One was pleased with you.
You were not hungry.

You visited 2 branches of the dungeon, and saw 11 of its levels.

You collected 512 gold pieces.
You donated 23 gold pieces to Zin.

Inventory:

Hand Weapons
 a - a +1 war axe (weapon)
 k - a +1 dagger of venom
 p - a +2 hand axe of venom
 D - a +2 dire flail of holy wrath
 K - a +0 battleaxe
Armour
 e - a +1 pair of boots (worn)
 q - a +1 pair of gloves (worn)
 r - a +0 plate armour (worn)
 E - a +0 ring mail of fire resistance
 G - a +0 large shield (worn)
Jewellery
 z - a ring of poison resistance (left hand)
 A - a +2 ring of strength (right hand)
Wands
 c - a wand of enslavement (8)
 B - a wand of paralysis (20)
 I - a wand of digging (16)
Scrolls
 b - 3 scrolls of amnesia
 i - 2 scrolls of teleportation
 j - 5 scrolls of remove curse
 n - a scroll of fog {unknown}
 u - 2 scrolls of enchant weapon
 x - a scroll of immolation {unknown}
 y - a scroll of enchant armour
 C - a scroll of identify
 F - a scroll of silence {unknown}
Potions
 d - 2 potions of might
 g - a potion of mutation {unknown}
 h - 2 potions of flight {unknown}
 l - 2 potions of haste
 m - a potion of curing {unknown}
 o - a potion of magic {unknown}
 s - a potion of heal wounds
 t - a potion of brilliance {unknown}
 v - a potion of lignification {unknown}
 w - 4 potions of degeneration {unknown}
Books
 H - a book of Flames

   Spells                             Type                      Level
   a - Flame Tongue                   Conjuration/Fire             1
   b - Throw Flame                    Conjuration/Fire             2
   c - Conjure Flame                  Conjuration/Fire             3
   d - Inner Flame                    Hexes/Fire                   3
   e - Sticky Flame                   Conjuration/Fire             4
   f - Fireball                       Conjuration/Fire             5
Miscellaneous
 J - a lightning rod (4/4)
Comestibles
 f - 14 rations


   Skills:
 + Level 7.0 Fighting
 + Level 10.8 Axes
 - Level 1.2(7.0) Maces & Flails
 * Level 7.9 Armour
 + Level 2.6 Dodging
 + Level 9.6 Shields
 * Level 2.9 Invocations


You had 10 spell levels left.
You didn't know any spells.

Dungeon Overview and Level Annotations

Branches:
Dungeon (10/15)            Temple (1/1) D:5            Lair (0/6) D:9
    Orc: D:9-12

Altars:
Ashenzari
Cheibriados
Kikubaaqudgha
Okawaru
Uskayaw
Vehumet
Wu Jian
Yredelemnul
Zin
The Shining One

Annotations:
D:7 1 transporter
D:8 Gastronok
D:10 Snorg


Innate Abilities, Weirdness & Mutations

You cannot be hasted, slowed, berserked, paralysed or teleported.
You can dig through walls and to a lower floor.
Your four strong arms can wield two-handed weapons with a shield.
You have a pair of large antennae on your head. (SInv)


Message History

You block the killer bee's attack. You block Snorg's attack. x2
Snorg claws you! The killer bee stings you.
Unknown command.
You hit Snorg.
Snorg is heavily wounded.
You slash the killer bee!
You kill the killer bee!
You block Snorg's attack. x2; Snorg claws you but does no damage.
Snorg bites you but does no damage. Snorg claws you!
* * * LOW HITPOINT WARNING * * *
Snorg claws you.
* * * LOW HITPOINT WARNING * * *
You feel very mighty all of a sudden. Snorg bites you but does no damage.
Snorg claws you but does no damage. You block Snorg's attack.
You slice Snorg!!
Snorg is severely wounded.
You block Snorg's attack. Snorg claws you but does no damage.
You block Snorg's attack. Snorg bites you!
You die...

#.#...# #.#...#####
.#####.###.....#####
.........#.........#
......##'#.........#
......#............#
......#............#
......#........††..## ###
......#........T@...#....#
......#........).##+#....#
.#########.......#.......#
##.P.##..#.......#.......#
#.....#..#.......#.......#
#.♣..['..#.......#.......#
#..P..#..###.....'.......#
##...###...#######.......+
.#####.#...........#####.#


You could see Snorg (berserk).

Vanquished Creatures
  A tengu warrior (D:10)
  Pikel (D:6)
  Maurice (D:8)
  A centaur skeleton (D:10)
  Eustachio (D:5)
  Grum (D:8)
  Menkaure (D:7)
  Edmund (D:5)
  2 porcupines (D:9)
  2 black bears
  An ice beast (D:10)
  2 orc warriors
  A sky beast (D:5)
  2 slaves (D:6)
  5 ogres
  A phantom (D:5)
  4 wolves (D:8)
  4 centaurs
  The ghost of dundn the Gusty, an amateur DrAE (D:4)
  A crocodile (D:9)
  6 bullfrogs
  6 scorpions
  8 killer bees
  A howler monkey (D:9)
  5 crimson imps
  A jelly (D:7)
  2 orc priests
  Crazy Yiuf (D:5)
  4 hounds
  An iguana (D:3)
  Jessica (D:3)
  5 orc wizards
  5 worker ants
  A killer bee zombie (D:3)
  10 gnolls
  10 adders
  2 shadow imps
  An ooze (D:3)
  An adder skeleton (D:7)
  3 worms
  6 dart slugs
  A leopard gecko (D:1)
  24 orcs
  5 bat skeletons (D:3)
  2 bat zombies (D:3)
  3 giant cockroaches
  10 hobgoblins
  4 jackals (D:2)
  A quokka (D:4)
  4 ball pythons
  9 bats
  8 frilled lizards
  7 goblins
  3 kobolds
  8 rats
  2 fungi (D:9)
  4 plants
209 creatures vanquished.

Vanquished Creatures (others)
  3 fungi (D:9)
  2 plants (D:9)
5 creatures vanquished.

Grand Total: 214 creatures vanquished

Notes
Turn   | Place    | Note
-------+----------+-------------------------------------------
     0 | D:1      | KleinerIrrer the Formicid Fighter began the quest for the Orb.
     0 | D:1      | Reached XP level 1. HP: 18/18 MP: 1/1
   139 | D:1      | Reached XP level 2. HP: 18/24 MP: 2/2
   394 | D:1      | Reached XP level 3. HP: 30/30 MP: 3/3
   984 | D:2      | Reached XP level 4. HP: 26/37 MP: 4/4
   988 | D:2      | Reached skill level 3 in Axes
  1399 | D:2      | Found a hide-covered altar of Uskayaw.
  1794 | D:3      | Reached XP level 5. HP: 42/42 MP: 5/5
  1798 | D:3      | Noticed Jessica
  1812 | D:3      | Killed Jessica
  2046 | D:3      | Reached skill level 4 in Axes
  2138 | D:3      | Found a snail-covered altar of Cheibriados.
  2214 | D:3      | Reached XP level 6. HP: 42/48 MP: 6/6
  2560 | D:3      | Reached skill level 5 in Axes
  2628 | D:3      | Found a faded altar of an unknown god.
  2832 | D:3      | Found an ancient bone altar of Kikubaaqudgha.
  3035 | D:4      | Noticed an ogre
  3039 | D:4      | Killed an ogre
  3039 | D:4      | Reached skill level 1 in Dodging
  3039 | D:4      | Reached XP level 7. HP: 44/54 MP: 7/7
  3134 | D:4      | Reached skill level 5 in Shields
  3287 | D:4      | Noticed dundn's ghost (amateur DrAE)
  3311 | D:4      | Killed dundn's ghost
  3583 | D:3      | Reached skill level 6 in Axes
  3691 | D:4      | Reached XP level 8. HP: 60/61 MP: 8/8
  3861 | D:5      | Entered Level 5 of the Dungeon
  3861 | D:5      | Noticed Eustachio
  3869 | D:5      | Killed Eustachio
  4064 | D:5      | Found a staircase to the Ecumenical Temple.
  4106 | Temple   | Entered the Ecumenical Temple
  4154 | Temple   | Became a worshipper of Zin the Law-Giver
  4154 | Temple   | Reached * piety under Zin
  4193 | D:5      | Reached skill level 5 in Armour
  4272 | D:5      | Reached skill level 5 in Fighting
  4275 | D:5      | Reached skill level 7 in Axes
  4375 | Temple   | Fell from the grace of Zin
  4375 | Temple   | Became a worshipper of the Shining One
  4473 | D:5      | Found a basalt altar of Yredelemnul.
  4676 | D:5      | Noticed Edmund
  4687 | D:5      | Killed Edmund
  4687 | D:5      | Reached XP level 9. HP: 68/68 MP: 9/9
  4747 | D:5      | Found a runed door.
  4751 | D:5      | Noticed Crazy Yiuf
  4755 | D:5      | Killed Crazy Yiuf
  4928 | D:6      | Noticed Pikel
  4943 | D:6      | Killed Pikel
  4943 | D:6      | Reached skill level 8 in Axes
  5124 | D:6      | Reached * piety under the Shining One
  5333 | D:6      | Found an ornate altar of the Wu Jian Council.
  5567 | D:7      | Noticed Menkaure
  5576 | D:6      | Reached skill level 1 in Maces & Flails
  6036 | D:7      | Killed Menkaure
  6086 | D:7      | Reached skill level 9 in Axes
  6161 | D:7      | Reached XP level 10. HP: 76/76 MP: 10/10
  6242 | D:7      | Found a transporter.
  6796 | D:8      | Noticed Grum
  6798 | D:8      | Reached ** piety under the Shining One
  6807 | D:8      | Killed Grum
  6990 | D:8      | Noticed Gastronok
  7398 | D:9      | Reached skill level 10 in Axes
  7411 | D:9      | Found a staircase to the Lair.
  7966 | D:8      | Noticed Maurice
  7994 | D:8      | Killed Maurice
  7994 | D:8      | Reached skill level 1 in Invocations
  8212 | D:8      | You fall through a shaft for 2 floors!
  8212 | D:10     | Entered Level 10 of the Dungeon
  8242 | D:10     | Noticed a tengu warrior
  8262 | D:10     | Killed a tengu warrior
  8262 | D:10     | Reached XP level 11. HP: 59/83 MP: 9/12
  8419 | D:10     | Noticed Snorg
  8448 | D:10     | Slain by Snorg

Skill      XL: |  1  2  3  4  5  6  7  8  9 10 11 |
---------------+----------------------------------+-----
Shields        | 4 5 6 7 9 |  9.6
Axes           | 3 4 5 6 7 9 10 | 10.8
Armour         | 4 5 6 7 |  7.9
Fighting       | 4 5 6 7 |  7.0
Dodging        | 1 2 |  2.6
Maces & Flails | 1 |  1.2
Invocations    | 2 |  2.9

Action                   |  1- 3 |  4- 6 |  7- 9 | 10-12 || total
-------------------------+-------+-------+-------+-------++-------
Melee: War axe           |    83 |   184 |   124 |   193 ||   584
       Hand axe          |       |       |   101 |       ||   101
       Dire flail        |       |       |    38 |       ||    38
Invok: Divine Shield     |       |       |       |     2 ||     2
  Use: Scroll            |     4 |       |     8 |       ||    12
       Potion            |       |       |       |     1 ||     1
  Eat: Chunk             |       |     7 |     8 |     5 ||    20
       Ration            |       |       |     1 |     1 ||     2
Armor: Scale mail        |    30 |    73 |    37 |       ||   140
       Chain mail        |       |       |    19 |       ||    19
       Plate armour      |       |       |    61 |    96 ||   157
Dodge: Dodged            |    27 |    63 |    84 |    49 ||   223
Block: Shield            |    40 |    96 |   151 |     9 ||   296
       Large shield      |       |       |       |   245 ||   245
